 Dungeon Crawl Stone Soup version 0.30.1-4-g462c640d31 (webtiles) character file.

Game seed: 18232912596153376740

56 monsoonserge the Conjurer (level 3, 0/21 (27) HPs)
             Began as a Demonspawn Reaver on Sept 12, 2023.
             Slain by Terence
             ... wielding a +0 hand axe
              (7 damage)
             ... on level 2 of the Dungeon.
             The game lasted 00:02:19 (868 turns).

monsoonserge the Conjurer (Demonspawn Reaver)        Turns: 868, Time: 00:02:19

HP:   0/21 (27)     AC:  3    Str: 12    XL:     3   Next: 71%
MP:   4/6           EV: 11    Int: 16    God:
Gold: 59            SH:  0    Dex: 11    Spells: 5/6 levels left

rFire   . . .        a - +0 mace
rCold   . . .        (no shield)
rNeg    . . .        b - +0 leather armour
rPois   .            (helmet restricted)
rElec   .            (no cloak)
rCorr   .            (no gloves)
SInv    .            (no boots)
Will    .....        (no amulet)
Stlth   +            (no ring)
HPRegen 0.23/turn    (no ring)
MPRegen 0.10/turn

%: no passive effects
@: heavily drained
A: horns 1, demonic guardian 1
a: no special abilities


You were on level 2 of the Dungeon.
You visited 1 branch of the dungeon, and saw 2 of its levels.

You collected 59 gold pieces.

Inventory:

Hand Weapons
 a - a +0 mace (weapon)
 i - a +0 dagger
Armour
 b - a +0 leather armour (worn)
Scrolls
 e - a scroll of blinking {unknown}
 f - a scroll of enchant weapon {unknown}
 g - 2 scrolls of teleportation {unknown}
 j - a scroll of identify {unknown}
Potions
 c - a potion of curing {unknown}
 d - a potion of degeneration {unknown}
 h - a potion of berserk rage {unknown}
 k - a potion of magic {unknown}


   Skills:
 + Level 2.2 Fighting
 - Level 3.0 Maces & Flails
 + Level 0.5 Armour
 + Level 2.2 Dodging
 + Level 0.1 Stealth
 + Level 2.2 Spellcasting
 + Level 3.5 Conjurations
 - Level 1.0 Necromancy


You had 5 spell levels left.
You knew the following spells:

 Your Spells              Type           Power      Damage    Failure   Level
a - Kiss of Death         Conj/Necr      36%        2d8       11%         1

Your spell library contained the following spells:

 Spells                   Type           Power      Damage    Failure   Level
 Momentum Strike          Conj/Tloc      14%        3d8       19%         2
 Hailstorm                Conj/Ice       7%         3d4       36%         3


Dungeon Overview and Level Annotations

Branches:
Dungeon (2/15)

Altars:

Annotations:
D:2 Terence


Innate Abilities, Weirdness & Mutations

You have a pair of small horns on your head.
A weak demonic guardian rushes to your aid.


Message History

Natasha is lightly wounded.
Natasha barely misses you.
Unknown command.
You hit Natasha.
Natasha is heavily wounded.
Natasha claws you. Natasha barely misses you.
You aren't carrying any items that you can evoke.
Unknown command.
Casting: Kiss of Death (safe; 11% risk of failure)
Confirm with . or Enter, or press ? or * to list all spells.
Aiming: Kiss of Death (safe; 11% risk of failure)
Press: ? - help, Shift-Dir - straight line, f - Natasha
Aim: Natasha (moderately wounded, 100% to hit)
The negative energy hits Natasha.
Natasha is drained!
Natasha is severely wounded.
You feel drained. Natasha casts a spell at you. The magic dart hits you.
* * * LOW HITPOINT WARNING * * *
You hit Natasha but do no damage. You headbutt Natasha.
You kill Natasha!
Natasha growls in agony!
Casting: Kiss of Death (safe; 11% risk of failure)
Confirm with . or Enter, or press ? or * to list all spells.
Aiming: Kiss of Death (safe; 11% risk of failure)
Press: ? - help, Shift-Dir - straight line, f - Terence
Aim: Terence, wielding a +0 hand axe and wearing a +0 scale mail (100% to hit)
The negative energy hits Terence!
Terence is drained!
Terence is severely wounded.
You feel drained. Terence closely misses you.
You hit Terence but do no damage.
Terence is severely wounded.
Terence closely misses you. Terence misses you.
You closely miss Terence.
Terence is severely wounded.
Terence closely misses you.
You hit Terence. You headbutt Terence.
Terence is almost dead.
Terence hits you with a +0 hand axe!
You die...

#.# $# #.# .# #.# .#
#.# ###### .#
######.###.... ..#
.### ..............
... ... .##
######.#######
#.###.#..... #
#.......# #.#.g@...h..
#
#.#####.###@#.###.#.##
# #.#####.....@.# #
#...........#.# #
#..##########...
######..# #####
....##>.# ###.##..#
#.##..# #.##..#


You could see Terence (very drained).

Vanquished Creatures
  Natasha (D:2)
  A dart slug (D:1)
  2 ball pythons
  5 bats
  An endoplasm (D:1)
  A giant cockroach (D:1)
  3 goblins
  7 hobgoblins (D:1)
  A quokka (D:1)
  A frilled lizard (D:1)
  2 rats (D:1)
25 creatures vanquished.

Vanquished Creatures (collateral kills)
  A dart slug (D:1)
1 creature vanquished.

Grand Total: 26 creatures vanquished

Notes
Turn   | Place    | Note
-------+----------+-------------------------------------------
     0 | D:1      | monsoonserge the Demonspawn Reaver began the quest for the
                  | Orb.
     0 | D:1      | Reached XP level 1. HP: 16/16 MP: 3/3
   160 | D:1      | Gained mutation: A weak demonic guardian rushes to your
                  | aid. [demonic ancestry]
   160 | D:1      | Reached XP level 2. HP: 22/22 MP: 5/5
   415 | D:1      | Reached skill level 1 in Necromancy
   676 | D:1      | Gained mutation: You have a pair of small horns on your
                  | head. [demonic ancestry]
   676 | D:1      | Reached XP level 3. HP: 23/27 MP: 6/6
   848 | D:2      | Noticed Terence
   851 | D:2      | Noticed Natasha
   864 | D:2      | Killed Natasha
   868 | D:2      | Slain by Terence

Illustrated notes

Levels and vault maps discovered:
D:1:      amcnicky_arrival_flooded_fountain, layout_loops_ring, nrook_campfire
D:2:      layout_loops_ring, serial_shops, shop, uniq_natasha, uniq_terence

Skill      XL: |  1  2 |
---------------+-------+-----
Maces & Flails | 3 |  3.0
Necromancy     | 1 |  1.0
Dodging        | 2 |  2.2
Fighting       | |  2.2
Armour         | |  0.5
Stealth        | |  0.1
Spellcasting   | |  2.2
Conjurations   | |  3.5

Action                     || total
---------------------------++-------
  Melee: Mace              ||    93
         Punch             ||     1
         Headbutt          ||     4
   Cast: Kiss of Death     ||     2
   Stab: Sleeping          ||     1
 Armour: Leather armour    ||    34
  Dodge: Dodged            ||    78
